 Dungeon Crawl Stone Soup version 0.27-a0-1438-g9b7c6745da (webtiles) character file.

Game seed: 8375158255377302523

7090 27snakeeyes612 the Fighter (level 10, -3/93 HPs)
             Began as a Minotaur Berserker on July 4, 2021.
             Was an Elder of Trog.
             Hit by a large rock thrown by a cyclops (23 damage)
             ... on level 11 of the Dungeon.
             The game lasted 00:08:14 (10356 turns).

27snakeeyes612 the Fighter (Minotaur Berserker)    Turns: 10356, Time: 00:08:15

Health: -3/93      AC: 15    Str: 30    XL:     10   Next: 84%
Magic:  9/9        EV: 14    Int: 11    God:    Trog [****..]
Gold:   507        SH:  0    Dex:  8    Spells: 9/9 levels left

rFire    + + +     SeeInvis .   w - +1 battleaxe
rCold    + . .     Faith    .   (shield currently unavailable)
rNeg     . . .     Spirit   .   e - +1 plate armour
rPois    .         Reflect  .   (helmet restricted)
rElec    .         Harm     .   (no cloak)
rCorr    .         Rampage  .   (no gloves)
Will     .....                  (no boots)
Stlth    ..........             (no amulet)
HPRegen  0.25/turn              q - +6 ring of strength
MPRegen  0.11/turn              D - ring of Qigupues {rF+++ rC+ EV+4 Int+7 Dex-3}

@: studying Stealth
A: horns 2, retaliatory headbutt
a: Renounce Religion, Berserk, Trog's Hand, Brothers in Arms


You were on level 11 of the Dungeon.
You worshipped Trog.
Trog was greatly pleased with you.
You visited 1 branch of the dungeon, and saw 11 of its levels.
You also visited: Ossuary.

You collected 507 gold pieces.

Inventory:

Hand Weapons
 a - a +0 hand axe
 o - the +6 fustibalus of the Pillar {venom, Str+3}
   (You took it off a gnoll on level 5 of the Dungeon)

   It poisons the ammo it fires.
   Str:       It affects your strength (+3).
 p - a +2 whip of electrocution
 w - a +1 battleaxe (weapon)
Missiles
 u - 38 sling bullets
 v - 251 stones (quivered)
 J - a curare-tipped dart
Armour
 b - a +0 animal skin
 e - a +1 plate armour (worn)
 t - a +0 pair of gloves
Jewellery
 q - a +6 ring of strength (left hand)
 r - a ring of willpower
 D - the ring of Qigupues (right hand) {rF+++ rC+ EV+4 Int+7 Dex-3}
   (You found it on level 11 of the Dungeon)

   [ring of evasion]

   EV:        It affects your evasion (+4).
   Int:       It affects your intelligence (+7).
   Dex:       It affects your dexterity (-3).
   rF:        It renders you almost immune to fire.
   rC:        It protects you from cold.
Wands
 C - a wand of paralysis (8)
 E - a wand of digging (4)
Scrolls
 d - 2 scrolls of noise
 f - 2 scrolls of silence
 k - 6 scrolls of identify
 m - 4 scrolls of magic mapping
 s - a scroll of amnesia
 x - 2 scrolls of teleportation
 y - 2 scrolls of enchant armour
Potions
 c - 3 potions of might
 g - a potion of degeneration {unknown}
 h - 5 potions of haste {unknown}
 i - 3 potions of brilliance {unknown}
 j - 3 potions of ambrosia {unknown}
 l - 2 potions of attraction {unknown}
 n - 2 potions of lignification {unknown}
 z - 2 potions of curing {unknown}
 A - a potion of invisibility {unknown}
 B - a potion of resistance {unknown}
 H - a potion of heal wounds {unknown}
 I - a potion of berserk rage {unknown}


   Skills:
 + Level 10.0 Fighting
 + Level 10.0 Axes
 + Level 7.1 Slings
 + Level 9.4 Armour
 + Level 8.7 Dodging


You had 9 spell levels left.
You didn't know any spells.
Your spell library was empty.

Dungeon Overview and Level Annotations

Branches:
Dungeon (12/15)            Temple (0/1) D:7         Ossuary (visited)
   Lair: D:8-11         Orc: D:9-12

Altars:

Shops:
D:2 :   D:5 ?   D:8 =


Innate Abilities, Weirdness & Mutations

You have a pair of horns on your head.
You reflexively headbutt those who attack you in melee.


Message History

You headbutt the two-headed ogre!
The two-headed ogre hits you with a +0 giant club!
You slash the two-headed ogre! You headbutt the two-headed ogre!
The two-headed ogre is severely wounded.
The goblin misses you.
The goblin hits you from afar with a +0 spear.
The two-headed ogre misses you. You furiously retaliate!
You headbutt the two-headed ogre!
The two-headed ogre hits you with a +0 giant club!
The goblin misses you.
You slash the two-headed ogre!
You kill the two-headed ogre!
Trog accepts your kill.
You hear a splash. x2
You hit the orc priest.
The orc priest hits you with a +0 flail.
The goblin barely misses you. The goblin misses you.
Your Fighting skill increases to level 10!
Your Axes skill increases to level 10!
Your Slings skill increases to level 7!
You slash the orc priest!
You kill the orc priest!
Trog accepts your kill. The goblin hits you but does no damage.
The goblin barely misses you.
A cyclops comes into view.
You slash the two-headed ogre!
The two-headed ogre is lightly wounded.
The goblin closely misses you. The goblin hits you but does no damage.
The two-headed ogre hits you but does no damage.
The two-headed ogre hits you with a +0 great mace!
The cyclops throws a large rock.
The large rock hits you!!
* * * LOW HITPOINT WARNING * * *
You slash the two-headed ogre!
The two-headed ogre is moderately wounded.
The goblin hits you but does no damage. The goblin barely misses you.
The two-headed ogre barely misses you.
The two-headed ogre hits you with a +0 great mace.
* * * LOW HITPOINT WARNING * * *
The goblin hits you but does no damage.
The cyclops throws a large rock.
The large rock hits you!!
You die...

,******,,,,,,,,,,,,,,,,*
,,,,,,,,,......≈≈≈≈≈≈≈,*
*******,,......≈*****≈,*
*,,......≈*,,,*≈.#
*,,......≈,,∩,*≈.#
*******,,C.....g*,,,*≈.#
,,,,,,,,,,....gg#####≈.#
,,,,,,,,,,,,,#.)≈≈≈≈≈≈.#
,*********,,,#.O@......#
,* *,,,####....### ,*
*,,,* ##..##
,*********,,.#####..#
,<,,,,,,,,,,........#
,,,,,,,,,,,,........#
,,,,,*****,,........#
***,,* *,,....[...#
,,,,,*****,,......>.#


You could see a two-headed ogre, a cyclops and 3 goblins.

Vanquished Creatures
  3 two-headed ogres
  A deep elf pyromancer (D:12)
  A cyclops (D:8)
  Maggie (D:6)
  A kobold demonologist (D:7)
  A troll (D:12)
  Prince Ribbit (D:8)
  2 steam dragons
  3 wraiths
  3 yaks (D:8)
  2 orc warriors
  An ice beast (D:6)
  2 centaurs
  A phantom (D:5)
  2 bullfrogs
  A kobold brigand (D:8)
  2 gnoll sergeants
  A wyvern zombie (D:7)
  A water moccasin zombie (D:6)
  3 water moccasin skeletons
  11 wights
  2 howler monkeys (D:5)
  A bullfrog zombie (D:7)
  2 centaur zombies
  2 bullfrog skeletons
  2 hounds
  3 orc priests
  A centaur skeleton (D:6)
  2 iguanas
  2 killer bee zombies
  12 gnolls
  5 adders
  An ufetubus (D:5)
  A worm (D:2)
  A dart slug (D:1)
  21 orcs
  3 bats
  5 endoplasms
  3 giant cockroaches
  6 goblins
  7 hobgoblins
  14 jackals
  4 quokkas
  4 ball pythons
  A ball python skeleton (Ossuary)
  5 frilled lizards (D:1)
  2 hobgoblin skeletons (Ossuary)
  A hobgoblin zombie (Ossuary)
  16 kobolds
  2 kobold zombies (Ossuary)
  An orc skeleton (Ossuary)
  An orc zombie (Ossuary)
  6 rats
183 creatures vanquished.

Notes
Turn   | Place    | Note
-------+----------+-------------------------------------------
     0 | D:1      | 27snakeeyes612 the Minotaur Berserker began the quest for
                  | the Orb.
     0 | D:1      | Reached XP level 1. HP: 19/19 MP: 0/0
    85 | D:1      | Reached XP level 2. HP: 27/27 MP: 1/1
   441 | D:1      | Reached ** piety under Trog
   476 | D:1      | Reached XP level 3. HP: 30/33 MP: 2/2
   986 | D:1      | You fall into a shaft and drop 1 floor!
  1620 | D:2      | Found Geceumi's Book Shoppe.
  1824 | D:2      | Reached XP level 4. HP: 39/41 MP: 3/3
  2701 | D:4      | Reached skill level 5 in Axes
  2701 | D:4      | Reached XP level 5. HP: 32/47 MP: 4/4
  3551 | D:5      | Entered Level 5 of the Dungeon
  3552 | D:5      | Found Doychymu's Magic Scroll Shoppe.
  3604 | D:5      | Reached skill level 5 in Fighting
  3614 | D:5      | Reached XP level 6. HP: 45/56 MP: 5/5
  3659 | D:5      | Reached *** piety under Trog
  3702 | D:5      | Reached XP level 7. HP: 22/62 MP: 6/6
  3965 | D:5      | Identified the +6 fustibalus of the Pillar {venom, Str+3}
  4010 | D:4      | Reached skill level 5 in Armour
  5455 | D:6      | Reached skill level 1 in Slings
  5552 | D:6      | Reached skill level 5 in Dodging
  5637 | D:6      | Found a sand-covered staircase.
  5642 | Ossuary  | Entered an ossuary
  5872 | Ossuary  | Noticed a flying skull
  5872 | Ossuary  | Noticed a wraith
  5906 | Ossuary  | Noticed a flying skull
  5907 | Ossuary  | Noticed a flying skull
  5921 | Ossuary  | Reached XP level 8. HP: 49/68 MP: 7/7
  6676 | D:6      | Noticed Maggie
  6682 | D:6      | Killed Maggie
  6960 | D:7      | Reached XP level 9. HP: 80/80 MP: 8/8
  7074 | D:7      | Identified the +0 leather armour "Voapra" {rN+ Dex+6}
  7146 | D:7      | Noticed a kobold demonologist
  7158 | D:7      | Killed a kobold demonologist
  7236 | D:7      | Found a staircase to the Ecumenical Temple.
  7271 | D:7      | Reached **** piety under Trog
  8320 | D:8      | Reached skill level 5 in Slings
  8347 | D:8      | Noticed Prince Ribbit
  8353 | D:8      | Killed Prince Ribbit
  8356 | D:8      | Identified a scroll of acquirement
  8356 | D:8      | Acquired a +6 ring of strength
  8637 | D:8      | Found Tiothr Cymee's Jewellery Shop.
  8788 | D:8      | Noticed a cyclops
  8794 | D:8      | Killed a cyclops
  9197 | D:8      | Reached XP level 10. HP: 85/90 MP: 9/9
  9669 | D:9      | You fall into a shaft and drop 3 floors!
  9721 | D:12     | Noticed a two-headed ogre
  9725 | D:12     | Killed a two-headed ogre
  9904 | D:12     | Noticed a deep elf pyromancer
  9915 | D:12     | Killed a deep elf pyromancer
 10024 | D:12     | Noticed a two-headed ogre
 10030 | D:12     | Killed a two-headed ogre
 10126 | D:11     | Identified the ring of Qigupues {rF+++ rC+ EV+4 Int+7
                  | Dex-3}
 10346 | D:11     | Noticed a two-headed ogre
 10349 | D:11     | Noticed a two-headed ogre
 10353 | D:11     | Killed a two-headed ogre
 10354 | D:11     | Reached skill level 10 in Fighting
 10354 | D:11     | Reached skill level 10 in Axes
 10354 | D:11     | Noticed a cyclops
 10356 | D:11     | Hit by a large rock thrown by a cyclops

Illustrated notes

Levels and vault maps discovered:
D:1:      tarquinn_simple_flora_water_d, layout_loops_cross
D:2:      layout_basic, serial_shops, shop, chequers_serial_rivers_large_b
D:3:      layout_rooms
D:4:      layout_cave_pods
D:5:      layout_rooms, serial_shops, shop_statue, serial_park_tiny_1
D:6:      layout_loops_ring, nicolae_ossuary_entry_plus,
          roderic_serpentine_path, uniq_maggie
D:7:      layout_basic, minmay_temple_entry_enclosed_plants
D:8:      layout_cave_pools, serial_shops, kennysheep_little_box,
          uniq_prince_ribbit1
D:9:      layout_roguey, fedhas_altar_4, lair_entry_dummy,
          hellmonk_guarded_unrand_night
D:11:     layout_long_grid, enter_bailey_3, special_room [special_room_orc],
          chequers_mini_garden, minmay_fractal_squares_gapless_7, uniq_fannar
D:12:     layout_basic

Skill      XL: |  1  2  3  4  5  6  7  8  9 10 |
---------------+-------------------------------+-----
Fighting       | 4 5 6 7 8 10 | 10.0
Axes           | 4 5 6 7 9 10 | 10.0
Armour         | 3 4 5 6 8 9 |  9.4
Dodging        | 3 4 5 6 7 8 |  8.7
Slings         | 1 3 5 7 |  7.1

Action                   |  1- 3 |  4- 6 |  7- 9 | 10-12 || total
-------------------------+-------+-------+-------+-------++-------
Melee: Hand axe          |    89 |   117 |    83 |       ||   289
       Headbutt          |    16 |    27 |    26 |     3 ||    72
       Battleaxe         |       |       |       |    15 ||    15
 Fire: Fustibalus        |       |       |   198 |    42 ||   240
Invok: Berserk           |       |     1 |     1 |       ||     2
       Trog's Hand       |       |     1 |       |     1 ||     2
  Use: Scroll            |       |     6 |     8 |     2 ||    16
Armor: Animal skin       |     7 |       |       |       ||     7
       Plate armour      |    16 |    76 |   134 |    27 ||   253
Dodge: Dodged            |    40 |    44 |    92 |    35 ||   211

Table legend: (Time is in decaauts)
 A = Elapsed time spent in this place.
 B = Non-inter-level travel time spent in this place.
 C = Inter-level travel time spent in this place.
 D = Time resting spent in this place.
 E = Time spent auto-exploring this place.
 F = Levels seen in this place.
 G = Mean time per level.
                   A        B        C        D        E       F      G
               +--------+--------+--------+--------+--------+-----+--------+
         Total |  10492 |   9968 |    524 |    668 |   7992 |  12 |  874.3 |
       Dungeon |   9735 |   9211 |    524 |    668 |   7388 |  11 |  885.0 |
       Ossuary |    756 |    756 |      0 |      0 |    603 |   1 |  756.0 |
               +--------+--------+--------+--------+--------+-----+--------+

Top non-repeatable levels by time:
     D:1: 1338 daAuts
     D:7: 1249 daAuts
     D:8: 1244 daAuts
     D:4: 1228 daAuts
     D:5: 1162 daAuts
     D:2: 1036 daAuts
     D:6: 831 daAuts
 Ossuary: 756 daAuts
     D:3: 703 daAuts
    D:12: 453 daAuts
     D:9: 252 daAuts
    D:11: 236 daAuts
